 Dungeon Crawl Stone Soup version 5.4-101-gcf516dc (webtiles) character file.

72 soadsod the Digger (level 5, -6/53 HPs)
             Began as a Titan Earth Elementalist on Mar 12, 2018.
             Mangled by a spiny frog skeleton (13 damage)
             ... on level 3 of the Dungeon.
             The game lasted 00:06:03 (3235 turns).

soadsod the Digger (Titan Earth Elementalist)       Turns: 3235, Time: 00:06:04

Health: -6/53      AC:  2 (0%)Str: 15   XL:     5   Next: 36%
Magic:  12/12      EV: 10    Int: 19    God:
Gold:   193        SH:  0    Dex: 14    Spells: 2/10 levels left

rFire    . . .     SeeInvis .   f - +2 mace (drain)
rCold    . . .     Faith    .   (no shield)
rNeg     . . .     Spirit   .   c - +0 robe
rPois    .         Reflect  .   (helmet restricted)
rElec    +                      (no cloak)
rCorr    .                      (gloves unavailable)
MR       .....                  (boots unavailable)
Stlth    ++........             (no amulet)
Regen    0.2/turn               (no ring)
MPRegen  0.2/turn               (no ring)

@: no status effects
A: unfitting armour, high mp 1, electricity resistance
a: no special abilities


You were on level 3 of the Dungeon.
You were not hungry.

You visited 1 branch of the dungeon, and saw 3 of its levels.

You collected 193 gold pieces.

Inventory:

Hand Weapons
 f - a +2 mace of draining (weapon)
Missiles
 a - 67 javelins
 b - 334 stones (quivered)
 d - 64 poisoned darts
 j - 94 arrows
Armour
 c - a +0 robe (worn)
Wands
 k - a wand of iceblast (9)
Scrolls
 g - 2 scrolls of teleportation
 h - a scroll of amnesia
 i - a scroll of enchant weapon
Potions
 e - 2 potions of flight


   Skills:
 * Level 3.4 Fighting
 + Level 2.5 Maces & Staves
 - Level 2.0 Dodging
 + Level 1.6 Stealth
 + Level 3.2 Spellcasting
 + Level 1.0 Translocations
 - Level 1.0 Transmutations
 + Level 3.6 Earth Magic


You had 2 spell levels left.
You knew the following spells:

 Your Spells              Type           Power        Failure   Level  Hunger
a - Sandblast             Erth           16 (50)      3%          1    N/A
b - Force Lance           Tloc/Erth      12 (100)     17%         3    N/A
c - Petrify               Tmut/Erth      11 (100)     50%         4    N/A

Dungeon Overview and Level Annotations

Branches:
Dungeon (3/15)


Innate Abilities, Weirdness & Mutations

You are too large for most types of armour.
You have an increased reservoir of magic. (+10% MP)
You are resistant to electric shocks. (rElec)


Message History

You hit the spiny frog skeleton (5).
The spiny frog skeleton is lightly damaged.
The spiny frog skeleton hits you (1).
You hit the spiny frog skeleton (4).
The spiny frog skeleton is moderately damaged.
The spiny frog skeleton hits you (3).
The spiny frog skeleton barely misses you.
You hit the spiny frog skeleton (5).
The spiny frog skeleton is moderately damaged.
The spiny frog skeleton hits you (12)!
* * * LOW HITPOINT WARNING * * *
Sorry, you're not good enough to have a special ability.
Okay, then.
You hit the spiny frog skeleton (1).
The spiny frog skeleton is moderately damaged.
The spiny frog skeleton misses you.
You hit the spiny frog skeleton (6).
The spiny frog skeleton is heavily damaged.
The spiny frog skeleton hits you (13)!
You die...

#.## ### ... #.. ..#
##'##### ... #......#
##.## # #......# ... .#
'......# #Z##'####
#.)....# #######@......#
#......# #.....#.......#
#......###.....#.......#
#......................#
#......................#
........................
#######.#.#.............
#.._..............
###.#.##.....>....


You could see a spiny frog skeleton.

Vanquished Creatures
  A howler monkey (D:3)
  2 worker ants (D:3)
  3 adders
  2 dart slugs (D:2)
  An orc (D:3)
  2 quokkas
  2 giant cockroaches
  13 goblins
  7 hobgoblins
  11 kobolds
  8 ball pythons
  7 bats
  6 frilled lizards
  7 rats
72 creatures vanquished.

Notes
Turn   | Place    | Note
-------+----------+-------------------------------------------
     0 | D:1      | soadsod the Titan Earth Elementalist began the quest for the Orb.
     0 | D:1      | Reached XP level 1. HP: 16/16 MP: 6/6
   336 | D:1      | Reached XP level 2. HP: 22/26 MP: 8/8
   362 | D:1      | Reached skill level 1 in Fighting
   452 | D:1      | Reached skill level 1 in Transmutations
   504 | D:1      | Reached skill level 1 in Maces & Staves
   875 | D:1      | Reached XP level 3. HP: 28/33 MP: 9/9
  1760 | D:2      | Found a faded altar of an unknown god.
  1895 | D:2      | Learned a level 3 spell: Force Lance
  1907 | D:2      | Found a snail-covered altar of Cheibriados.
  1967 | D:2      | Found a shadowy altar of Dithmenos.
  2046 | D:2      | Found an ornate altar of the Wu Jian Council.
  2065 | D:2      | Found a shimmering altar of Xom.
  2101 | D:2      | Reached XP level 4. HP: 33/42 MP: 11/11
  2253 | D:2      | Found a shadowy altar of Dithmenos.
  2265 | D:2      | Found an ornate altar of the Wu Jian Council.
  2281 | D:2      | Found a shimmering altar of Xom.
  2361 | D:2      | Found a snail-covered altar of Cheibriados.
  2391 | D:2      | Found a faded altar of an unknown god.
  2608 | D:3      | Reached XP level 5. HP: 35/53 MP: 10/12
  2743 | D:3      | Found a glowing golden altar of the Shining One.
  2817 | D:3      | Reached skill level 1 in Translocations
  3026 | D:3      | Found a glowing silver altar of Zin.
  3141 | D:3      | Learned a level 4 spell: Petrify
  3235 | D:3      | Mangled by a spiny frog skeleton

Skill      XL: |  1  2  3  4  5 |
---------------+----------------+-----
Dodging        | 2 |  2.0
Earth Magic    | 3 |  3.6
Fighting       | 1 2 3 |  3.4
Transmutations | 1 |  1.0
Maces & Staves | 1 2 |  2.5
Spellcasting   | 3 |  3.2
Translocations | 1 |  1.0
Stealth        | |  1.6

Action                   |  1- 3 |  4- 6 || total
-------------------------+-------+-------++-------
Melee: Mace              |    85 |    57 ||   142
       Unarmed           |     5 |       ||     5
 Cast: Sandblast         |    15 |    10 ||    25
  Use: Potion            |       |     1 ||     1
 Stab: Sleeping          |     2 |       ||     2
Armor: Robe              |    25 |    12 ||    37
       Skin              |       |     8 ||     8
Dodge: Dodged            |    61 |    33 ||    94
